 Dungeon Crawl Stone Soup version 0.16.0-12-g7215832 (webtiles) character file.

3287 Sorcv the Covert (level 10, -15/50 HPs)
             Began as a Kobold Enchanter on Mar 18, 2015.
             Was a Believer of Ashenzari.
             Demolished by an orc warrior
             ... wielding a +2 scimitar of electrocution
             ... summoned by a shadow trap
             ... triggered by a gnoll
              (18 damage)
             ... on level 10 of the Dungeon.
             The game lasted 00:27:04 (6514 turns).

Sorcv the Covert (Kobold Enchanter)                 Turns: 6514, Time: 00:27:04

Health: -15/50     AC: 12    Str:  8    XL:     10   Next: 20%
Magic:  13/16      EV: 15    Int: 13    God:    Ashenzari [**....]
Gold:   491        SH:  0    Dex: 19    Spells: 4 memorised, 4 levels left

rFire  . . .     SeeInvis .     L - +3 dagger (flame)
rCold  . . .     Clarity  .     b - +1 robe
rNeg   . . .     SustAb   .     (no shield)
rPois  .         Gourm    .     (no helmet)
rElec  .         Spirit   .     (no cloak)
rCorr  .         Warding  .     l - +1 pair of gloves
rMut   .         Stasis   .     (no boots)
MR     .....                    (no amulet)
Stlth  +++++++...               h - +3 ring of protection
                                w - +4 ring of protection

@: lethally poisoned (-15 -> -18), very slightly contaminated, studying Short
Blades, invisible, not resistant to hostile enchantments, extremely stealthy
A: carnivore 3
a: Renounce Religion


You were on level 10 of the Dungeon.
You worshipped Ashenzari.
Ashenzari was pleased with you.
You were full.

You visited 2 branches of the dungeon, and saw 11 of its levels.

You collected 491 gold pieces.

Inventory:

Hand weapons
 v - a +2 dagger of venom
 L - a +3 dagger of flaming (weapon)
Armour
 b - a +1 robe (worn)
 l - a +1 pair of gloves (worn)
Jewellery
 h - a +3 ring of protection (right hand)
 k - an uncursed ring of protection from magic
 o - an uncursed ring of protection from fire
 u - an uncursed ring of positive energy
 w - a +4 ring of protection (left hand)
 E - an uncursed ring of positive energy
 F - an uncursed amulet of faith
 J - an uncursed ring of teleport control
Magical devices
 x - a wand of slowing (36)
 C - a wand of fire (5)
 M - a wand of lightning (7)
Scrolls
 a - 3 scrolls of remove curse
 e - 2 scrolls of enchant armour
 f - a scroll of fog
 i - a scroll of immolation
 j - 2 scrolls of recharging
 m - 4 scrolls of teleportation
 n - a scroll of amnesia
 p - 4 scrolls of magic mapping
 t - 2 scrolls of fear
Potions
 A - a potion of might {unknown}
 B - a potion of heal wounds {unknown}
 G - a potion of restore abilities {unknown}
 K - a potion of poison {unknown}
Books
 c - a book of Maledictions

   Spells                             Type                      Level
   a - Corona                         Hexes                        1
   b - Sure Blade                     Hexes/Charms                 2
   c - Ensorcelled Hibernation        Hexes/Ice                    2
   d - Confuse                        Hexes                        3
   e - Dazzling Spray                 Conjuration/Hexes            3
   f - Enslavement                    Hexes                        4
 r - a book of Enchantments

   Spells                             Type                      Level
   a - Tukima's Dance                 Hexes                        3
   b - Cause Fear                     Hexes                        4
   c - Silence                        Hexes/Air                    5
   d - Deflect Missiles               Charms/Air                   6
   e - Haste                          Charms                       6
   f - Discord                        Hexes                        8
 I - a manual of Short Blades
Comestibles
 d - 6 meat rations
 g - a slice of pizza
 q - 2 beef jerkies


   Skills:
 + Level 9.1 Short Blades
 - Level 2.4 Dodging
 - Level 13.9 Stealth
 - Level 2.0 Spellcasting
 - Level 8.7 Hexes
 - Level 1.2 Ice Magic


You had 4 spell levels left.
You knew the following spells:

 Your Spells              Type           Power        Failure   Level  Hunger
a - Corona                Hex            ###....      1%          1    ##.....
b - Ensorcelled Hibernat  Hex/Ice        ##....       8%          2    ###....
c - Confuse               Hex            ###.....     1%          3    ####...
d - Dazzling Spray        Conj/Hex       ##......     14%         3    ####...


Dungeon Overview and Level Annotations

Branches:
Dungeon (10/15)            Temple (1/1) D:5
   Lair: D:8-11         Orc: D:9-12

Altars:
Ashenzari
Cheibriados
Dithmenos
Elyvilon
Fedhas
Gozag
Nemelex Xobeh
Qazlal
Ru
Sif Muna
Trog
Xom
Yredelemnul

Shops:
D:5 [   D:9 =

Annotations:
D:3 Natasha


Innate Abilities, Weirdness & Mutations

You are small and have problems with some larger weapons.
You are carnivorous and can eat meat at any time.


Message History

* * * LOW HITPOINT WARNING * * *
The orc priest closely misses you.
You hit the gnoll! You burn the gnoll.
The gnoll is severely wounded.
You feel sick.
You barely miss the gnoll.
The gnoll is severely wounded.
The gnoll closely misses you. The orc priest closely misses you.
You catch the helpless gnoll completely off-guard!
You spit the gnoll like a pig!!!! You burn the gnoll.
You kill the gnoll!
You hit the orc priest. You burn the orc priest.
You kill the orc priest!
The orc priest's corpse disappears in a puff of smoke!
You feel sick.
You closely miss the ice beast. The ice beast closely misses you.
The orc warrior hits you with a scimitar of electrocution!
* * * LOW HITPOINT WARNING * * *
You are electrocuted!
You die...

# ##..##....... ##
#..####.....< .# ##..#
#....# .## #...# #..# ..#
#...######..#
..#####..........# ,,
.....##..........#
.................#
#.......#######§@# *
##......## #oY# ,
#.......# #oo### *
#.......# #oooo##### ,
##......######.o........
#.......##..............
, ,
##†......................
*
##.............^........
##.......#............. *


You could see an orc warrior, an ice beast, 2 orc wizards and 4 orcs.

Vanquished Creatures
  A troll (D:10)
  A hippogriff (D:7)
  A water moccasin (D:6)
  3 orc warriors
  2 ice beasts
  2 phantoms
  3 ogres
  5 centaurs
  A gnoll sergeant (D:10)
  Blork the orc (D:4)
  A giant frog (D:10)
  A goliath beetle (D:9)
  3 wights (D:7)
  4 crimson imps
  2 hounds (D:5)
  A centaur zombie (D:6)
  3 orc priests
  3 giant frog skeletons
  8 orc wizards
  Natasha (D:3)
  7 worker ants
  An iguana (D:8)
  A killer bee zombie (D:7)
  A hound zombie (D:8)
  5 gnolls (D:10)
  A worker ant zombie (D:6)
  12 adders
  2 giant mites
  2 shadow imps
  4 worms
  2 adder skeletons
  2 adder zombies
  3 giant geckos
  2 oozes
  17 orcs
  11 bats
  7 giant cockroaches
  15 goblins
  10 hobgoblins
  11 jackals
  10 kobolds
  3 giant newts
  10 rats
186 creatures vanquished.

Notes
Turn   | Place    | Note
--------------------------------------------------------------
     0 | D:1      | Sorcv, the Kobold Enchanter, began the quest for the Orb.
     0 | D:1      | Reached XP level 1. HP: 10/10 MP: 3/3
   137 | D:1      | Reached XP level 2. HP: 3/15 MP: 4/4
   141 | D:1      | Learned a level 2 spell: Ensorcelled Hibernation
   223 | D:1      | Reached skill level 5 in Stealth
   254 | D:1      | Found a sparkling altar of Nemelex Xobeh.
   411 | D:1      | Reached XP level 3. HP: 13/19 MP: 6/6
   700 | D:2      | Found a shadowy altar of Dithmenos.
   813 | D:2      | Reached skill level 6 in Stealth
   824 | D:2      | Reached XP level 4. HP: 24/24 MP: 7/7
  1019 | D:2      | Reached skill level 7 in Stealth
  1254 | D:2      | You fall through a shaft for 2 floors!
  1305 | D:4      | Noticed a phantom
  1402 | D:4      | Learned a level 3 spell: Confuse
  1423 | D:4      | Reached XP level 5. HP: 26/28 MP: 9/9
  1487 | D:4      | Found a blossoming altar of Fedhas.
  1494 | D:4      | Reached skill level 8 in Stealth
  1552 | D:4      | Noticed Blork the orc
  1557 | D:4      | Killed Blork the orc
  1557 | D:4      | Reached XP level 6. HP: 26/32 MP: 10/10
  1881 | D:4      | Killed a phantom
  1881 | D:4      | Reached skill level 9 in Stealth
  1881 | D:4      | Reached skill level 1 in Ice Magic
  2026 | D:3      | Noticed Natasha
  2148 | D:3      | Killed Natasha
  2157 | D:3      | Found an opulent altar of Gozag.
  2241 | D:3      | Reached XP level 7. HP: 21/36 MP: 7/12
  2281 | D:3      | Found a white marble altar of Elyvilon.
  2306 | D:3      | Noticed Natasha
  2342 | D:3      | Found a shattered altar of Ashenzari.
  2353 | D:3      | Became a worshipper of Ashenzari the Shackled
  3124 | D:5      | Entered Level 5 of the Dungeon
  3126 | D:5      | Found a bloodstained altar of Trog.
  3131 | D:5      | Found a basalt altar of Yredelemnul.
  3131 | D:5      | Found a deep blue altar of Sif Muna.
  3145 | D:5      | Found a stormy altar of Qazlal.
  3231 | D:5      | Found Beeng's Antique Armour Shop.
  3255 | D:5      | Reached skill level 10 in Stealth
  3291 | D:5      | Found a staircase to the Ecumenical Temple.
  3299 | Temple   | Entered the Ecumenical Temple
  3535 | D:5      | Reached skill level 5 in Hexes
  3571 | D:5      | Reached XP level 8. HP: 37/41 MP: 10/13
  3691 | D:6      | Reached skill level 11 in Stealth
  3740 | D:6      | Got the uncursed ring mail "Isoschua" {rC- Regen+ rCorr Int+4}
  3937 | D:6      | Learned a level 3 spell: Dazzling Spray
  4262 | D:6      | Reached skill level 12 in Stealth
  4266 | D:6      | Reached XP level 9. HP: 39/45 MP: 5/14
  4342 | D:6      | Identified the -5 ring mail "Isoschua" {rC- Regen+ rCorr Int+4} (You found it on level 6 of the Dungeon)
  4591 | D:7      | Found a shimmering altar of Xom.
  4656 | D:7      | Found a sacrificial altar of Ru.
  5044 | D:7      | Reached skill level 13 in Stealth
  5423 | D:8      | Found a snail-covered altar of Cheibriados.
  5862 | D:9      | Found Huellig's Jewellery Boutique.
  5954 | D:9      | Found a bloodstained altar of Trog.
  6077 | D:9      | Reached XP level 10. HP: 50/50 MP: 16/16
  6247 | D:9      | Reached skill level 5 in Short Blades
  6313 | D:10     | Entered Level 10 of the Dungeon
  6327 | D:10     | Acquired Ashenzari's first power
  6514 | D:10     | Demolished by an orc warrior

Action                   |  1- 3 |  4- 6 |  7- 9 | 10-12 || total
-------------------------+-------+-------+-------+-------++-------
Melee: Dagger            |    62 |    89 |   286 |    32 ||   469
 Cast: Ensorcelled Hiber |     4 |    12 |    41 |     8 ||    65
       Confuse           |       |     3 |     7 |       ||    10
  Use: Scroll            |       |     7 |     6 |     5 ||    18
       Potion            |       |     1 |     1 |     3 ||     5
 Stab: Sleeping          |     7 |    19 |    53 |     8 ||    87
       Confused          |       |     1 |     3 |       ||     4
       Distracted        |       |       |     2 |       ||     2
       Invisible         |       |       |     1 |     5 ||     6
       Paralysed         |       |       |     1 |       ||     1
  Eat: Chunk             |       |     5 |    19 |     6 ||    30
